 Dungeon Crawl Stone Soup version 0.20.1-1-g8b1a95d66d (webtiles) character file.

98 BrokenGlass the Ruffian (level 4, -1/31 HPs)
             Began as an Octopode Fighter on Dec 30, 2017.
             Slain by Grinder (2 damage)
             ... on level 3 of the Dungeon.
             The game lasted 00:02:11 (2241 turns).

BrokenGlass the Ruffian (Octopode Fighter)          Turns: 2241, Time: 00:02:11

Health: -1/31      AC:  1    Str: 16    XL:     4   Next: 69%
Magic:  4/4        EV: 14    Int: 10    God:
Gold:   109        SH:  0    Dex: 11    Spells: 3/3 levels left

rFire    . . .     SeeInvis .     - Unarmed
rCold    . . .     Gourm    .   (no shield)
rNeg     . . .     Faith    .   (helmet restricted)
rPois    .         Spirit   .   (no amulet)
rElec    .         Reflect  .   (no ring)
rCorr    .         Harm     .   (no ring)
MR       .....                  (no ring)
Stlth    ++........             (no ring)
Regen    0.1/turn               (no ring)
MPRegen  0.1/turn               (no ring)
                                (no ring)
                                (no ring)

@: no status effects
A: almost no armour, stealthy swim, amphibious, 8 rings, constrict 8, camouflage
1, gelatinous body 1
a: no special abilities


You were on level 3 of the Dungeon.
You were very hungry.

You visited 1 branch of the dungeon, and saw 3 of its levels.

You collected 109 gold pieces.

Inventory:

Missiles
 h - 16 bolts
 t - 2 tomahawks (quivered)
Armour
 a - a +0 shield
Jewellery
 m - a cursed ring of teleportation {unknown}
Scrolls
 e - 2 scrolls of amnesia {unknown}
 g - 2 scrolls of recharging {unknown}
 i - 3 scrolls of identify {unknown}
 q - a scroll of teleportation {unknown}
Potions
 b - a potion of might
 d - a potion of flight {unknown}
 f - 3 potions of curing {unknown}
 j - a potion of lignification {unknown}
 k - a potion of agility {unknown}
 n - a potion of heal wounds {unknown}
 o - a potion of brilliance {unknown}
 s - a potion of berserk rage {unknown}
Books
 r - a book of Minor Magic

   Spells                             Type                      Level
   a - Magic Dart                     Conjuration                  1
   b - Blink                          Translocation                2
   c - Call Imp                       Summoning                    2
   d - Slow                           Hexes                        2
   e - Conjure Flame                  Conjuration/Fire             3
   f - Mephitic Cloud                 Conjuration/Poison/Air       3
Comestibles
 c - 2 bread rations
 l - 2 royal jellies


   Skills:
 - Level 3.0 Fighting
 - Level 3.0 Dodging
 - Level 3.0 Shields
 + Level 4.7 Unarmed Combat


You had 3 spell levels left.
You didn't know any spells.

Dungeon Overview and Level Annotations

Branches:
Dungeon (3/15)

Altars:
The Shining One

Annotations:
D:3 Grinder


Innate Abilities, Weirdness & Mutations

You cannot wear most types of armour.
You are very stealthy in the water. (Stealth+)
You are amphibious.
You can wear up to eight rings at the same time.
You can use your tentacles to constrict eight enemies at once.
Your skin changes colour to match your surroundings (Stealth+).
Your rubbery body absorbs attacks. (AC +1, EV +1)


Message History

Grinder blinks!
Unknown command.
There is a stone staircase leading up, spattered with blood here.
You can't go down here!
You start resting.
Unknown command.
Unknown command.
Unknown command.
Unknown command.
You tentacle-slap Grinder. Your grab misses Grinder.
Grinder is almost dead.
Grinder hits you.
* * * LOW HITPOINT WARNING * * *
You writhe in agony.
* * * LOW HITPOINT WARNING * * *
Unknown command.
You tentacle-slap Grinder. You grab Grinder. You tentacle-slap Grinder.
Grinder is almost dead.
You constrict Grinder. Grinder hits you.
You die...

#..#.........
#..#.........
#.......#...#
#.........#..
#.#...........
..#.....#..#..#
..............#
........<###.##
..#...#@##
###.#5# . #..
## #<.. #.#..
..#... ......#
..( ...


You could see Grinder.

Vanquished Creatures
  5 adders (D:2)
  2 dart slugs (D:1)
  2 leopard geckos
  5 giant cockroaches
  6 goblins
  8 hobgoblins
  6 jackals (D:2)
  A quokka (D:2)
  A ball python (D:2)
  3 bats (D:1)
  2 frilled lizards (D:2)
  A kobold (D:2)
  2 rats (D:1)
44 creatures vanquished.

Notes
Turn   | Place    | Note
-------+----------+-------------------------------------------
     0 | D:1      | BrokenGlass the Octopode Fighter began the quest for the Orb.
     0 | D:1      | Reached XP level 1. HP: 16/16 MP: 1/1
   237 | D:1      | Found a glowing golden altar of the Shining One.
   261 | D:1      | Reached XP level 2. HP: 17/21 MP: 2/2
   494 | D:1      | Reached skill level 3 in Unarmed Combat
   583 | D:1      | Reached XP level 3. HP: 20/26 MP: 3/3
   939 | D:1      | You fall through a shaft!
  1157 | D:2      | Reached skill level 4 in Unarmed Combat
  1287 | D:2      | Reached XP level 4. HP: 27/31 MP: 4/4
  2217 | D:3      | Noticed Grinder
  2240 | D:3      | HP: 1/31 [Grinder (6)]
  2241 | D:3      | Slain by Grinder

Skill      XL: |  1  2  3 |
---------------+----------+-----
Unarmed Combat | 3 4 |  4.7
Fighting       | |  3.0
Dodging        | |  3.0
Shields        | |  3.0

Action                   |  1- 3 |  4- 6 || total
-------------------------+-------+-------++-------
Melee: Unarmed           |    57 |    42 ||    99
       Constrict         |    16 |     9 ||    25
       Tentacles         |    10 |    10 ||    20
       Punch             |     2 |     1 ||     3
 Stab: Sleeping          |     6 |     2 ||     8
  Eat: Chunk             |     1 |     2 ||     3
Armor: Skin              |     5 |       ||     5
Dodge: Dodged            |    48 |    23 ||    71
